 Dungeon Sprint DCSS version 0.31-a0-728-g01b46875f1 (webtiles) character file.

Game seed: 7349735506751568798

8993 sircluck the Brawler (level 11, -6/128 HPs)
             Began as a Troll Berserker on Sept 11, 2023.
             Was a High Priest of Trog.
             Killed from afar by a death drake (17 damage)
             ... with a foul vapour
             ... in the Dungeon (Sprint II: "The Violet Keep of Menkaure").
             The game lasted 00:07:31 (812 turns).

sircluck the Brawler (Troll Berserker)               Turns: 812, Time: 00:07:32

Health: -6/128     AC:  5    Str: 31    XL:     11   Next: 17%
Magic:  10/10      EV: 13    Int:  3    God:    Trog [*****.]
Gold:   1167       SH:  0    Dex:  9    Spells: 10/10 levels left

rFire   . .          .
                       - Unarmed
rCold   . . .        (no shield)
rNeg    . . .        t - +0 troll leather armour
rPois   .            (helmet restricted)
rElec   .            (no cloak)
rCorr   .            (gloves unavailable)
SInv    .            (boots unavailable)
Will    .....        i - amulet of regeneration
Stlth   +            (no ring)
HPRegen 2.81/turn    (no ring)
MPRegen 0.12/turn

%: no teleportation
@: lethally poisoned (-6 -> -67), slowed, very slow
A: large, unfitting armour, claws 3, regeneration 1, shaggy fur 1, tough skin 1
a: Renounce Religion, Berserk, Trog's Hand, Brothers in Arms


You were in the Dungeon.
You worshipped Trog.
Trog was extremely pleased with you.
You visited 1 branch You collected 1642 gold pieces.
You spent 475 gold pieces at shops.

Inventory:

Missiles
 j - 51 stones
 s - 8 poisoned darts
 u - a throwing net
Armour
 a - a +0 animal skin
 h - a +2 robe of cold resistance
 t - a +0 troll leather armour (worn)
Jewellery
 i - an amulet of regeneration (around neck)
Scrolls
 l - 2 scrolls of fog {unknown}
 m - 5 scrolls of identify {unknown}
 r - a scroll of acquirement {unknown}
 v - 2 scrolls of immolation {unknown}
 w - a scroll of torment {unknown}
 y - a scroll of silence {unknown}
 z - a scroll of fear {unknown}
Potions
 b - 3 potions of curing
 c - a potion of heal wounds
 d - a potion of haste
 e - 5 potions of magic
 f - a potion of berserk rage
 k - 7 potions of enlightenment {unknown}
 n - a potion of lignification {unknown}
 o - a potion of mutation {unknown}
 p - a potion of brilliance {unknown}
 q - a potion of degeneration {unknown}
 x - 3 potions of resistance {unknown}


   Skills:
 + Level 13.9 Fighting
 + Level 13.7 Dodging
 + Level 16.1 Unarmed Combat


You had 10 spell levels left.
You didn't know any spells.
Your spell library was empty.

Dungeon Overview and Level Annotations

Branches:
Dungeon (1/1)

Altars:
Cheibriados
Dithmenos
Elyvilon
Fedhas
Gozag
Hepliaklqana
Kikubaaqudgha
Makhleb
Nemelex Xobeh
Okawaru
Qazlal
Ru
Sif Muna
Trog
Uskayaw
Vehumet
Wu Jian
Xom
Yredelemnul
Zin
The Shining One
Jiyva
Lugonu

Shops:
D =*=::[[[=**!*!*?*:::*(?=[!(

Annotations:
D exclusions: ice statue, oklob plant and orange crystal statue


Innate Abilities, Weirdness & Mutations

You are too large for most types of armour.
You have claws for hands.
Your natural rate of healing is unusually fast.
You are covered in fur. (AC +1)
You have tough skin. (AC +1)


Message History

You claw the death drake!
The death drake is heavily wounded.
You are engulfed in dark miasma.
You are more poisoned.
You feel extremely sick.
The swamp drake is engulfed in dark miasma.
You closely miss the death drake.
The death drake is heavily wounded.
You are engulfed in dark miasma.
You are more poisoned.
You feel yourself slow down.
You feel extremely sick. The death drake bites you.
The swamp drake is engulfed in dark miasma.
You scratch the death drake.
The death drake is heavily wounded.
You are engulfed in dark miasma.
You are more poisoned.
You feel extremely sick. The death drake barely misses you.
The death drake bites you.
The swamp drake is engulfed in dark miasma.
The swamp drake seems to slow down.
You mangle the death drake!!
The death drake is almost dead.
You are engulfed in dark miasma.
You are more poisoned.
You feel extremely sick.
The swamp drake is no longer moving slowly.
The death drake bites you but does no damage.
You completely miss the death drake. Your claw misses the death drake.
The death drake is almost dead.
You are engulfed in dark miasma.
You are lethally poisoned!
* * * LOW HITPOINT WARNING * * *
x2 You feel extremely sick.
The death drake barely misses you. The death drake breathes miasma at you.
The foul vapour engulfs you!
You are more poisoned.
You die...

≈≈≈≈○≈≈## ▓▓+▓▓▓▓.▓ ≈≈8≈≈≈≈≈#
+○.○▓0..▓ ≈≈≈≈≈≈≈ #..°▓▓▓▓▓▓▓▓▓▓
°≈≈≈≈ #..○▓§§≈≈≈≈≈≈▓▓ ++#+++##
.^. ##|°▓▓▓▓▓▓▓▓▓▓▓ .......# ..
k#=)▓)..)).[.▓▓ ##)##..# #.
k#:[▓))..:.[)▓▓ #...##.####
+.##k#)|▓......[.▓▓ ).#..#....#
#..@####▓[...))[[▓▓ #.#.####..##
##^.##.#▓[[......▓▓ ##÷###.##..#
+..#..#▓%.%....)▓▓ ##.##.#.#..#
#^.#..#▓.....)..▓▓
'.<.'###÷..####..##.#▓..[...:.▓▓
##.##.#.#§...###..)##▓▓▓▓▓▓▓'▓▓▓▓
##'###.##...§..~)÷~~~~~~~~~~...≈≈
#.#†####~~.....~#'########+###.≈≈
..#..#~~~~~~~..~#..._._._#S~~##≈≈


You could see 2 death drakes and a swamp drake.

Vanquished Creatures
  Kirke (D)
  A yaktaur captain (D)
  A centaur warrior (D)
  2 hell hogs (D)
  A death yak (D)
  A skeletal warrior (D)
  A merfolk siren (D)
  An elephant (D)
  A kobold demonologist (D)
  A yaktaur (D)
  A hornet (D)
  4 polar bears (D)
  2 wyverns (D)
  Menkaure (D)
  2 redbacks (D)
  A water moccasin (D)
  3 black bears (D)
  5 necrophages (D)
  4 scorpions (D)
  An iron imp (D)
  A hell rat (D)
36 creatures vanquished.

Vanquished Creatures (collateral kills)
  A kraken (D)
  4 tentacles (D)
5 creatures vanquished.

Vanquished Creatures (others)
  A polar bear (D)
  4 tentacles (D)
5 creatures vanquished.

Grand Total: 46 creatures vanquished

Notes
Turn   | Place    | Note
-------+----------+-------------------------------------------
     0 | D        | sircluck the Troll Berserker began the quest for the Orb.
     0 | D        | Reached XP level 1. HP: 22/22 MP: 0/0
     1 | D        | Noticed a necrophage
     1 | D        | Noticed a necrophage
     1 | D        | Noticed a necrophage
     1 | D        | Noticed a necrophage
    13 | D        | Killed a necrophage
    14 | D        | Reached skill level 5 in Unarmed Combat
    14 | D        | Reached XP level 2. HP: 33/33 MP: 1/1
    14 | D        | Reached XP level 3. HP: 40/40 MP: 2/2
    17 | D        | Killed a necrophage
    18 | D        | Reached skill level 5 in Fighting
    18 | D        | Reached skill level 5 in Dodging
    18 | D        | Reached skill level 6 in Unarmed Combat
    18 | D        | Reached XP level 4. HP: 50/50 MP: 3/3
    20 | D        | Killed a necrophage
    20 | D        | Reached ** piety under Trog
    21 | D        | Reached skill level 7 in Unarmed Combat
    21 | D        | Reached XP level 5. HP: 59/59 MP: 4/4
    32 | D        | Noticed an ice statue
    34 | D        | Noticed Menkaure
    36 | D        | Killed Menkaure
    37 | D        | Reached skill level 8 in Unarmed Combat
    37 | D        | Reached XP level 6. HP: 71/71 MP: 5/5
    37 | D        | Found Hiatupurgh's Distillery.
    37 | D        | Found Uqezo's Weapon Shop.
    38 | D        | Found Caseah's Jewellery Boutique.
    38 | D        | Found Togod's Antique Armour Shop.
    39 | D        | Found Seal's Antique Weapon Boutique.
    39 | D        | Found Sorroluusk's Magic Scroll Shop.
    40 | D        | Found Tinyofupn's Book Boutique.
    41 | D        | Found Heux's Magic Scroll Boutique.
    42 | D        | Found Beboi's Assorted Antiques.
    42 | D        | Found Caacukle's Distillery.
    42 | D        | Noticed a manticore
    54 | D        | Reached *** piety under Trog
    72 | D        | Noticed a water moccasin
    75 | D        | Killed a water moccasin
    97 | D        | Noticed a wyvern
    97 | D        | Noticed a wyvern
   102 | D        | Killed a wyvern
   103 | D        | Reached skill level 9 in Unarmed Combat
   103 | D        | Reached XP level 7. HP: 62/79 MP: 6/6
   110 | D        | Killed a wyvern
   110 | D        | Reached **** piety under Trog
   151 | D        | Reached skill level 10 in Unarmed Combat
   186 | D        | Noticed a merfolk siren
   191 | D        | Killed a merfolk siren
   191 | D        | Reached ***** piety under Trog
   192 | D        | Reached skill level 11 in Unarmed Combat
   192 | D        | Reached XP level 8. HP: 87/92 MP: 7/7
   199 | D        | Noticed a cane toad
   200 | D        | Found Vaetet's Jewellery Boutique.
   200 | D        | Found Rouh's Antique Armour Shop.
   200 | D        | Noticed a manticore
   200 | D        | Noticed a manticore
   200 | D        | Noticed an oklob plant
   201 | D        | Found Isooxt's Book Shop.
   201 | D        | Found Jivureu's Book Shoppe.
   201 | D        | Found Itsyczar's Jewellery Boutique.
   202 | D        | Noticed a cane toad
   220 | D        | Bought an embroidered robe for 85 gold pieces
   232 | D        | Bought an amulet of regeneration for 390 gold pieces
   255 | D        | Noticed a centaur warrior
   255 | D        | Noticed Kirke
   255 | D        | Noticed a yaktaur captain
   256 | D        | Noticed a kobold demonologist
   256 | D        | Noticed an elephant
   275 | D        | Killed a yaktaur captain
   276 | D        | Reached skill level 10 in Fighting
   276 | D        | Reached skill level 10 in Dodging
   276 | D        | Reached skill level 12 in Unarmed Combat
   285 | D        | Noticed a lindwurm
   292 | D        | Killed Kirke
   293 | D        | Reached skill level 13 in Unarmed Combat
   293 | D        | Reached XP level 9. HP: 69/105 MP: 8/8
   301 | D        | Killed a kobold demonologist
   304 | D        | Killed an elephant
   304 | D        | Received a gift from Trog
   307 | D        | Killed a centaur warrior
   308 | D        | Noticed a polar bear
   309 | D        | Noticed a skeletal warrior
   315 | D        | Killed a polar bear
   321 | D        | Killed a skeletal warrior
   322 | D        | Reached skill level 14 in Unarmed Combat
   322 | D        | Reached XP level 10. HP: 53/115 MP: 9/9
   361 | D        | Identified the +4 demon blade "Tiemn" {flame, Dex+3} (Trog
                  | gifted it to you in the Dungeon)
   361 | D        | Received a gift from Trog
   377 | D        | Noticed a death yak
   377 | D        | Noticed a hell hog
   377 | D        | Noticed a hell hog
   384 | D        | Killed a hell hog
   385 | D        | Killed a hell hog
   386 | D        | Reached skill level 15 in Unarmed Combat
   436 | D        | Killed a death yak
   463 | D        | Found Osuapry's Jewellery Emporium.
   463 | D        | Found Aceasm's Antique Armour Shop.
   463 | D        | Found Cetyicwo's General Store.
   463 | D        | Found Qaim's Armour Shoppe.
   463 | D        | Found Bossadau's Assorted Antiques.
   464 | D        | Found Resudwor's Assorted Antiques.
   464 | D        | Found Irroju's Distillery.
   464 | D        | Found Xyaghix's General Store.
   464 | D        | Found Zonappau's Book Shop.
   464 | D        | Found Daxt's Assorted Antiques.
   464 | D        | Found Munehoeg's Book Shop.
   464 | D        | Found Rimou's General Store.
   529 | D        | Found a glowing golden altar of the Shining One.
   529 | D        | Found an ornate altar of the Wu Jian Council.
   529 | D        | Found a stormy altar of Qazlal.
   530 | D        | Found a shimmering altar of Xom.
   530 | D        | Found a sacrificial altar of Ru.
   530 | D        | Found a hazy altar of Hepliaklqana.
   531 | D        | Found a basalt altar of Yredelemnul.
   531 | D        | Found a shimmering blue altar of Sif Muna.
   531 | D        | Found a viscous altar of Jiyva.
   532 | D        | Found a bloodstained altar of Trog.
   532 | D        | Found an ancient bone altar of Kikubaaqudgha.
   532 | D        | Found a snail-covered altar of Cheibriados.
   532 | D        | Found a glowing silver altar of Zin.
   533 | D        | Found a hide-covered altar of Uskayaw.
   533 | D        | Found a corrupted altar of Lugonu.
   533 | D        | Found a shadowy altar of Dithmenos.
   534 | D        | Found a radiant altar of Vehumet.
   534 | D        | Found a burning altar of Makhleb.
   534 | D        | Found a white marble altar of Elyvilon.
   537 | D        | Found a sparkling altar of Nemelex Xobeh.
   537 | D        | Found a blossoming altar of Fedhas.
   539 | D        | Reached ****** piety under Trog
   539 | D        | Received a gift from Trog
   547 | D        | Found an iron altar of Okawaru.
   547 | D        | Found an opulent altar of Gozag.
   552 | D        | Reached XP level 11. HP: 45/127 MP: 10/10
   605 | D        | Noticed an orange crystal statue
   624 | D        | Noticed a kraken
   637 | D        | Killed a kraken
   638 | D        | Reached skill level 16 in Unarmed Combat
   803 | D        | Noticed a death drake
   805 | D        | Noticed a death drake
   812 | D        | Killed from afar by a death drake

Illustrated notes

Levels and vault maps discovered:
D:        the_violet_keep_of_menkaure [sprint2_stairs_cluster_1,
          sprint2_shoproom, sprint2_temple, sprint2_basic_supplies,
          sprint2_obstacle_5, sprint2_obstacle_4, sprint2_obstacle_2,
          sprint2_obstacle_6, sprint2_obstacle_3, sprint2_timed_cluster_1,
          sprint2_smallroom_cluster_1, sprint2_smallroom_final_cluster_1,
          sprint2_transparent_cluster_1, sprint2_second_timed_cluster_1,
          sprint2_sniper_area_1, sprint2_heavy_combat_area_1,
          sprint2_mutation_trap_area_1, sprint2_forest_area_1,
          sprint2_light_combat_area_1, sprint2_behind_water_1,
          sprint2_near_end_vault_1]

Skill      XL: |  1  2  3  4  5  6  7  8  9 10 11 |
---------------+----------------------------------+-----
Fighting       | 4 5 7 9 11 12 13 | 13.9
Dodging        | 4 5 7 9 11 12 13 | 13.7
Unarmed Combat | 5 6 7 8 9 11 13 14 15 16 | 16.1

Action                     |  1- 3 |  4- 6 |  7- 9 | 10-12 || total
---------------------------+-------+-------+-------+-------++-------
  Melee: Unarmed           |    14 |    20 |    70 |    45 ||   149
         Punch             |       |     1 |     7 |     5 ||    13
 Invoke: Berserk           |     1 |       |     1 |     1 ||     3
         Brothers in Arms  |       |       |     1 |     1 ||     2
         Trog's Hand       |       |       |     1 |       ||     1
    Use: Scroll            |       |       |       |     1 ||     1
 Armour: Animal skin       |     4 |     9 |    13 |       ||    26
         Robe              |       |       |    29 |    41 ||    70
         Skin              |       |       |     4 |       ||     4
         Troll leather arm |       |       |       |     6 ||     6
  Dodge: Dodged            |     3 |     9 |    44 |    27 ||    83

Table legend: (Time is in decaauts)
 A = Elapsed time spent in this place.
 B = Non-inter-level travel time spent in this place.
 C = Inter-level travel time spent in this place.
 D = Time resting spent in this place.
 E = Time spent auto-exploring this place.
 F = Levels seen in this place.
 G = Mean time per level.
                   A        B        C        D        E       F      G
               +--------+--------+--------+--------+--------+-----+--------+
         Total |    802 |    763 |     39 |    163 |     35 |   1 |  802.0 |
       Dungeon |    802 |    763 |     39 |    163 |     35 |   1 |  802.0 |
               +--------+--------+--------+--------+--------+-----+--------+

Top non-repeatable levels by time:
       D: 802 daAuts
